cohdb
Replays
Latest Replays
All Replays
Popular Replays
Top Player Replays
Match Explorer
How It Works
Community
CoH3 Stats
Reddit
Sign in to upload your games and track your stats! →
Sign in with Steam
Match 46727626
Unlisted
Match 46727626
Overview
Messages
Build Orders
End
Construct Section Command Post
Selects Air and Sea Battlegroup
Infantry Section
Infantry Section
Dingo Light Scout Car
Construct Platoon Command Post
CMP 15cwt Truck
Selects Commando Section Paradrop
Selects Commando Support Section Paradrop
Commando Section Paradrop
TSu_frakas
Adult Asthma Is A Choice
Lil Pijon
Ashkan_Hunter
0
0
Comments
sign in to comment!
No comments posted yet!